 Dungeon Crawl Stone Soup version 0.28-a0-863-g8cecda6153 (webtiles) character file.

Game seed: 14047614926637822846

121 BinkBink the Shield-Bearer (level 4, -5/35 HPs)
             Began as a Demonspawn Fighter on Nov 20, 2021.
             Slain by Grinder (6 damage)
             ... while paralysed by Grinder
             ... on level 3 of the Dungeon.
             The game lasted 00:03:10 (2982 turns).

BinkBink the Shield-Bearer (Demonspawn Fighter)     Turns: 2982, Time: 00:03:11

Health: -5/35      AC:  6    Str: 18    XL:     4   Next: 77%
Magic:  4/4        EV:  2    Int:  9    God:
Gold:   125        SH:  0    Dex: 12    Spells: 3/3 levels left

rFire   . . .      SeeInvis .     - Unarmed
rCold   . . .      Faith    .   c - +0 buckler
rNeg    . . .      Spirit   .   b - +0 scale mail
rPois   .          Reflect  .   (no helmet)
rElec   .          Harm     .   (no cloak)
rCorr   .          Rampage  .   (no gloves)
Will    .....                   (no boots)
Stlth   ..........              (no amulet)
HPRegen 0.11/turn               (no ring)
MPRegen 0.09/turn               (no ring)

@: paralysed, flying
A: claws 1, demonic guardian 1
a: no special abilities


You were on level 3 of the Dungeon.
You visited 1 branch of the dungeon, and saw 3 of its levels.

You collected 125 gold pieces.

Inventory:

Hand Weapons
 a - a +0 long sword
Armour
 b - a +0 scale mail (worn)
 c - a +0 buckler (worn)
Scrolls
 e - a scroll of blinking {unknown}
 f - a scroll of immolation {unknown}
 g - 2 scrolls of fear {unknown}
 i - a scroll of brand weapon {unknown}
 j - 2 scrolls of teleportation {unknown}
 k - a scroll of amnesia {unknown}
 m - a scroll of torment {unknown}
 n - a scroll of acquirement {unknown}
 p - a scroll of magic mapping {unknown}
Potions
 d - a potion of might
 h - 2 potions of flight
 o - a potion of haste {unknown}


   Skills:
 + Level 3.3 Fighting
 - Level 1.8 Long Blades
 + Level 3.1 Armour
 + Level 0.1 Dodging
 + Level 3.5 Shields
 * Level 2.5 Unarmed Combat


You had 3 spell levels left.
You didn't know any spells.
Your spell library contained the following spells:

 Spells                   Type           Power      Damage    Failure   Level
 Slow                     Hex            0%         N/A       80%         1
 Blink                    Tloc           0%         N/A       90%         2
 Confusing Touch          Hex            0%         N/A       99%         3
 Lesser Beckoning         Tloc           0%         N/A       99%         3
 Vampiric Draining        Necr           0%         2d6       99%         3
 Manifold Assault         Tloc           0%         N/A       100%        5


Dungeon Overview and Level Annotations

Branches:
Dungeon (3/15)

Altars:
Dithmenos
Nemelex Xobeh

Shops:
D:2 [

Annotations:
D:3 Grinder


Innate Abilities, Weirdness & Mutations

You have sharp fingernails.
A weak demonic guardian rushes to your aid.


Message History

You are too injured to fight recklessly!
You are too injured to fight recklessly!
Unknown command.
You are too injured to fight recklessly!
You are too injured to fight recklessly!
You are too injured to fight recklessly!
You scratch Grinder.
Grinder is moderately wounded.
Grinder hits you but does no damage.
You scratch Grinder.
Grinder is heavily wounded.
Grinder blinks!
You are too injured to fight recklessly!
You are too injured to fight recklessly!
Grinder gestures at you. Pain shoots through your body!
* * * LOW HITPOINT WARNING * * *
A demonic guardian appears!
It was a potion of flight.
You feel very buoyant.
You fly up into the air.
Grinder blinks!
It was a potion of heal wounds.
You feel much better.
Your shadow imp hits Grinder.
Grinder drinks a potion.
Grinder seems to grow stronger.
Your shadow imp barely misses Grinder.
Grinder gestures at you. Pain shoots through your body!
Your shadow imp hits Grinder.
You closely miss Grinder.
Grinder is heavily wounded.
Grinder gestures at you. Pain shoots through your body!
Your shadow imp barely misses Grinder.
You barely miss Grinder.
Grinder is heavily wounded.
Grinder gestures at you.
You suddenly lose the ability to move!
Your shadow imp closely misses Grinder.
Grinder hits you!
You writhe in agony.
Your shadow imp closely misses Grinder.
Grinder hits you!
* * * LOW HITPOINT WARNING * * *
A demonic guardian appears!
You writhe in agony.
You die...

#.)##...# #.........#
....##..#####.........###########
..._.#)......................)...
....##..#####.........########.()
#..##...# #.........# ####
##.....## #.........# # ###..##
#.........# # #### #.........# #
#...@5....# # #...5.....#
######## #.5.......# #.......
#.........# #....... #.........#
#....... #......(..# #.......
########### #....... #.......
#.......


You could see Grinder (strong, ally target) and 2 friendly shadow imps.

Vanquished Creatures
  6 adders
  A worm (D:2)
  4 dart slugs
  7 endoplasms
  2 giant cockroaches
  3 goblins
  4 hobgoblins
  4 jackals
  6 kobolds
  A quokka (D:1)
  4 ball pythons
  A bat (D:3)
  5 frilled lizards
  4 rats
52 creatures vanquished.

Vanquished Creatures (collateral kills)
  A worm (D:2)
  2 jackals (D:2)
3 creatures vanquished.

Grand Total: 55 creatures vanquished

Notes
Turn   | Place    | Note
-------+----------+-------------------------------------------
     0 | D:1      | BinkBink the Demonspawn Fighter began the quest for the
                  | Orb.
     0 | D:1      | Reached XP level 1. HP: 18/18 MP: 1/1
   368 | D:1      | Gained mutation: You have sharp fingernails. [demonic
                  | ancestry]
   368 | D:1      | Reached XP level 2. HP: 24/24 MP: 2/2
  1297 | D:2      | Gained mutation: A weak demonic guardian rushes to your
                  | aid. [demonic ancestry]
  1297 | D:2      | Reached XP level 3. HP: 23/29 MP: 3/3
  1455 | D:2      | Found Wuec's Armour Shoppe.
  1713 | D:2      | Reached skill level 1 in Unarmed Combat
  1953 | D:2      | Found a sparkling altar of Nemelex Xobeh.
  1962 | D:2      | Reached XP level 4. HP: 33/35 MP: 4/4
  2456 | D:3      | Found a shadowy altar of Dithmenos.
  2959 | D:3      | Noticed Grinder
  2960 | D:3      | Paralysed by Grinder for 6 turns
  2980 | D:3      | Paralysed by Grinder for 3 turns
  2982 | D:3      | HP: 1/35 [Grinder (10)]
  2982 | D:3      | Slain by Grinder

Illustrated notes

Levels and vault maps discovered:
D:1:      scummos_arrival_simple_fountains, layout_basic
D:2:      layout_loops_ring, serial_shops, nicolae_shop_trees, basic_altar
D:3:      layout_basic, nicolae_dithmenos_through_a_glass_darkly, uniq_grinder

Skill      XL: |  1  2  3  4 |
---------------+-------------+-----
Shields        | 3 |  3.5
Armour         | 3 |  3.1
Unarmed Combat | 1 2 |  2.5
Fighting       | |  3.3
Long Blades    | |  1.8
Dodging        | |  0.1

Action                   |  1- 3 |  4- 6 || total
-------------------------+-------+-------++-------
Melee: Long sword        |    16 |       ||    16
       Unarmed           |   112 |    84 ||   196
  Use: Potion            |       |     2 ||     2
Armor: Scale mail        |    45 |    32 ||    77
Dodge: Dodged            |    38 |    40 ||    78
Block: Buckler           |    23 |    15 ||    38

Table legend: (Time is in decaauts)
 A = Elapsed time spent in this place.
 B = Non-inter-level travel time spent in this place.
 C = Inter-level travel time spent in this place.
 D = Time resting spent in this place.
 E = Time spent auto-exploring this place.
 F = Levels seen in this place.
 G = Mean time per level.
                   A        B        C        D        E       F      G
               +--------+--------+--------+--------+--------+-----+--------+
         Total |   2984 |   2937 |     47 |      0 |   2531 |   3 |  994.7 |
       Dungeon |   2984 |   2937 |     47 |      0 |   2531 |   3 |  994.7 |
               +--------+--------+--------+--------+--------+-----+--------+

Top non-repeatable levels by time:
     D:2: 1237 daAuts
     D:1: 1114 daAuts
     D:3: 632 daAuts
